 Dungeon Crawl Stone Soup version 0.29.0-10-g45618ea6d2 (webtiles) character file.

Game seed: 9575414150821333623

4 mdonais the Sneak (level 1, 0/19 HPs)
             Began as a Demigod Delver on Sept 2, 2022.
             Slain by an orc
             ... wielding a +0 flail
              (7 damage)
             ... on level 7 of the Dungeon.
             The game lasted 00:02:16 (206 turns).

mdonais the Sneak (Demigod Delver)                   Turns: 206, Time: 00:02:17

Health: 0/19       AC:  3    Str: 13    XL:     1   Next: 40%
Magic:  3/3        EV: 11    Int: 12    God:
Gold:   0          SH:  0    Dex: 15    Spells: 0/0 levels left

rFire   . . .      SeeInvis .   a - +0 short sword
rCold   . . .      Faith    .   (no shield)
rNeg    . . .      Spirit   .   b - +0 leather armour
rPois   .          Reflect  .   (no helmet)
rElec   .          Harm     .   (no cloak)
rCorr   .          Rampage  .   (no gloves)
Will    .....                   (no boots)
Stlth   +++.......              (no amulet)
HPRegen 0.06/turn               (no ring)
MPRegen 0.08/turn               (no ring)

@: hasted, very quick
A: high MP 1, forlorn, divine attributes
a: no special abilities


You were on level 7 of the Dungeon.
You visited 1 branch of the dungeon, and saw 2 of its levels.

Inventory:

Hand Weapons
 a - a +0 short sword (weapon)
Armour
 b - a +0 leather armour (worn)
 f - a +0 scale mail
   (You found it on level 5 of the Dungeon)
Wands
 d - a wand of charming (22)
   (You found it on level 5 of the Dungeon)
 D - a wand of digging (3)
Scrolls
 c - a scroll of fog
 e - a scroll of fear
 M - a scroll of magic mapping


   Skills:
 + Level 3.0 Fighting
 - Level 1.7 Short Blades
 - Level 1.7 Dodging
 - Level 4.5 Stealth


You couldn't memorise any spells.
You didn't know any spells.
Your spell library was empty.

Dungeon Overview and Level Annotations

Branches:
Dungeon (7/15) Zot: 11802
 Temple: D:4-7

Shops:
D:7 ?


Innate Abilities, Weirdness & Mutations

You have an increased reservoir of magic. (+10% MP)
You shall have no god before yourself.
Your divine heritage dramatically boosts your attributes as you level up.


Message History

Welcome, mdonais the Demigod Delver.
Everyone else who sought the Orb of Zot has failed.
Will you be different?
Press ? for a list of commands and other information.
Found a wooden wand.
d - a wand of charming (11)
Found a scale mail.
You see here a +0 scale mail.
f - a +0 scale mail An iguana comes into view.
An iguana is nearby!
Found a wand of charming (11).
d - a wand of charming (22) (gained 11 charges)
An orc warrior comes into view. It is wielding a +0 trident.
An orc comes into view. It is wielding a +0 hand axe.
A sourceless malevolence fills the Dungeon...
You fall into a shaft and drop 2 floors!
The shaft crumbles and collapses.
Found Era Pyke's Magic Scroll Shoppe.
You open the door.
Found a ring mail.
There is an open door here.
There is an entrance to Era Pyke's Magic Scroll Shoppe here.
You can access your shopping list by pressing '$'.
There is a stone staircase leading down here.
An orc comes into view.
It is wielding a +0 vorpal mace. 2 orcs come into view.
The orc shouts!
The orc moves out of view.
You hit the orc. You punch the orc.
The orc is severely wounded.
The orc barely misses you.
You hit the orc.
You kill the orc!
Things that are here:
a +0 whip; an orc corpse
There is a stone staircase leading down here.
You hit the orc but do no damage. The orc hits you with a +0 flail.
You take 3 damage, and have 15/18 hp.
You hit the orc.
The orc is moderately wounded.
The orc closely misses you.
You barely miss the orc.
The orc is moderately wounded.
The orc closely misses you.
You feel yourself speed up. The orc barely misses you.
You hit the orc but do no damage.
The orc is moderately wounded.
You hit the orc but do no damage.
The orc is moderately wounded.
The orc barely misses you. The orc hits you with a +0 vorpal mace.
You take 7 damage, and have 8/18 hp.
MASSIVE DAMAGE!!
You barely miss the orc. The orc hits you with a +0 vorpal mace.
You take 3 damage, and have 6/18 hp.
You hit the orc but do no damage. You hit the orc but do no damage.
The orc closely misses you.
You closely miss the orc. The orc closely misses you.
You hit the orc but do no damage. You barely miss the orc. You hit the orc.
The orc is heavily wounded.
You hit the orc.
The orc is heavily wounded.
The orc hits you but does no damage.
You barely miss the orc.
The orc is heavily wounded.
The orc hits you but does no damage.
You barely miss the orc.
The orc is heavily wounded.
You hit the orc.
The orc is severely wounded.
You hit the orc.
You kill the orc!
Your Fighting skill increases to level 3!
You hit the orc.
The orc is heavily wounded.
The orc barely misses you.
You closely miss the orc.
The orc is heavily wounded.
You closely miss the orc.
The orc is heavily wounded.
The orc closely misses you.
You hit the orc but do no damage.
The orc is heavily wounded.
The orc hits you with a +0 flail!
You die...

#.##...###>.....#.#.##
#.##...###.#.........
#o##...#..∩...#.#.#.#
#.##...#.#.#......#.#
#o##...#...#.##.....## #
#.##...##^##..#.#....#.#
#.##...##.###.....#...
#.# #.....##o#.#.# #.#
#.....##@#o..# ##.###
#.....##.#...# #....#
#.....##.#...# #....#
##.#####.#...# #....#
#.# #.....#.#
#.......##'###.....#.#
##....o............#.#
#............##.#.#..
#...........[##.#.# .


You could see an orc.

Vanquished Creatures
  2 orcs (D:7)
2 creatures vanquished.

Notes
Turn   | Place    | Note
-------+----------+-------------------------------------------
     0 | D:5      | mdonais the Demigod Delver began the quest for the Orb.
     0 | D:5      | Reached XP level 1. HP: 18/18 MP: 3/3
    37 | D:5      | Noticed an iguana
    56 | D:5      | Noticed an orc warrior
    81 | D:5      | You fall into a shaft and drop 2 floors!
    81 | D:7      | Found Era Pyke's Magic Scroll Shoppe.
   206 | D:7      | Slain by an orc

Illustrated notes

Levels and vault maps discovered:
D:5:      layout_basic, nicolae_wu_jian_immortal_techniques
D:7:      layout_basic, serial_shops, nicolae_shop_crystal,
          ebering_ghost_reflecting_pool, uniq_duvessa, uniq_joseph,
          uniq_menkaure

Skill      XL: |  1 |
---------------+----+-----
Fighting       | 3 |  3.0
Short Blades   | |  1.7
Dodging        | |  1.7
Stealth        | |  4.5

Action                   || total
-------------------------++-------
Melee: Short sword       ||    23
       Punch             ||     1
  Use: Potion            ||     1
Armor: Leather armour    ||     2
Dodge: Dodged            ||     9
